 Dungeon Crawl Stone Soup version 0.30.1-11-g7821555f0a (webtiles) character file.

Game seed: 5761139426269684150

87 jagang the Slasher (level 4, -7/35 HPs)
             Began as a Human Monk on Jan 3, 2024.
             Was a Believer of the Shining One.
             Blown up by Ijyb (19 damage)
             ... with a mindburst bolt
             ... on level 3 of the Dungeon.
             The game lasted 00:04:00 (1891 turns).

jagang the Slasher (Human Monk)                     Turns: 1891, Time: 00:04:01

Health: -7/35      AC:  8    Str: 11    XL:     4   Next: 80%
Magic:  5/5        EV:  6    Int: 10    God:    the Shining One [**....]
Gold:   161        SH:  0    Dex: 18    Spells: 3/3 levels left

rFire   . . .        h - +0 long sword
rCold   . . .        (no shield)
rNeg    + . .        r - +0 chain mail
rPois   .            (no helmet)
rElec   .            (no cloak)
rCorr   .            (no gloves)
SInv    .            (no boots)
Will    .....        (no amulet) Stlth
                     (no ring)
HPRegen 0.25/turn    (no ring)
MPRegen 0.09/turn

%: no passive effects
@: glowing
A: no striking features
a: Renounce Religion, Divine Shield


You were on level 3 of the Dungeon.
You worshipped the Shining One.
The Shining One was pleased with you.
You visited 1 branch of the dungeon, and saw 3 of its levels.

You collected 161 gold pieces.

Inventory:

Hand Weapons
 h - a +0 long sword (weapon)
 m - a +0 long sword
Missiles
 d - 2 throwing nets
 g - 4 boomerangs (quivered)
 q - 2 curare-tipped darts
Armour
 r - a +0 chain mail (worn)
Scrolls
 a - a scroll of magic mapping {unknown}
 b - a scroll of identify {unknown}
 f - a scroll of enchant weapon {unknown}
 i - a scroll of silence {unknown}
 j - 2 scrolls of amnesia {unknown}
 p - a scroll of teleportation {unknown}
Potions
 c - a potion of ambrosia
 e - a potion of brilliance {unknown}
 k - a potion of mutation {unknown}
 n - a potion of curing {unknown}
 o - a potion of resistance {unknown}


   Skills:
 + Level 3.5 Fighting
 * Level 4.0 Long Blades
 + Level 1.5 Armour
 - Level 3.0 Dodging
 + Level 1.6 Invocations


You had 3 spell levels left.
You didn't know any spells.
Your spell library was empty.

Dungeon Overview and Level Annotations

Branches:
Dungeon (3/15)

Altars:
The Shining One

Annotations:
D:3 Ijyb


Message History

You start removing your armour.
You continue taking off your +0 scale mail. x4
You finish taking off your +0 scale mail.
You start putting on your armour.
You continue putting on your +0 chain mail. x5
You finish putting on your +0 chain mail.
You drop a +0 scale mail. 2 goblins come into view.
The goblin shouts!
You hear a shout!
A goblin comes into view. It is wielding a +0 club. x2
A goblin comes into view. It is wielding a +0 club.
The goblin shouts!
You hear a shout! x2
Ijyb the Twisted Goblin comes into view.
She is wielding a +0 club, wearing a +2 ring mail of cold resistance and carrying a wand of mindburst (6).
You throw a boomerang. The boomerang hits the goblin.
You kill the goblin!
Your Long Blades skill increases to level 4!
You throw a boomerang. The boomerang barely misses the goblin.
You throw a boomerang. The boomerang hits the goblin.
The goblin is severely wounded.
Ijyb drinks a potion.
Ijyb seems to speed up.
You hit the goblin but do no damage.
The goblin is severely wounded.
The goblin hits you but does no damage. The goblin hits you with a +0 club.
You slash the goblin!
You kill the goblin!
Ijyb zaps a wand.
Your mind is blasted!
You throw a boomerang. The boomerang barely misses the goblin.
The boomerang hits the goblin.
You kill the goblin!
The goblin barely misses you.
You throw a boomerang.
The boomerang closely misses the goblin.
The boomerang hits Ijyb but does no damage.
You hit Ijyb but do no damage. Ijyb hits you but does no damage.
Ijyb hits you with a +0 club.
You barely miss Ijyb.
Ijyb zaps a wand.
Your mind is blasted!
Ijyb hits you but does no damage.
You hit Ijyb but do no damage.
Ijyb zaps a wand.
Your mind is blasted!
Ouch! That really hurt!
You die...

.# #........... .###
##......... ..# #.....(..# #
#.###........# .#
#.####.##.........######.####
#.....[...##...##...........#
#####..........###..........#
#.#...###..###..........#
...#..<##.)gg@...........#
...####......g###..........#
.. ..##
#....#..##...........# #. .
#.!..#########..[.....# #.
........8.8 #........# #.
###.#....g... #........# #.
........gg.g. ######...## #.
............gg ###..# #.
............... ##.###.


You could see Ijyb (fast) and 2 goblins.

Vanquished Creatures
  3 gnolls (D:2)
  2 adders (D:2)
  A dart slug (D:1)
  A bat (D:2)
  An endoplasm (D:1)
  A giant cockroach (D:2)
  9 goblins
  2 hobgoblins
  5 jackals
  5 ball pythons
  3 frilled lizards
  4 kobolds (D:2)
  2 rats (D:2)
39 creatures vanquished.

Notes
Turn   | Place    | Note
-------+----------+-------------------------------------------
     0 | D:1      | jagang the Human Monk began the quest for the Orb.
     0 | D:1      | Reached XP level 1. HP: 18/18 MP: 1/1
   396 | D:1      | Reached XP level 2. HP: 24/24 MP: 2/2
   751 | D:2      | Found a glowing golden altar of the Shining One.
   757 | D:2      | Became a worshipper of the Shining One
   757 | D:2      | Reached * piety under the Shining One
   757 | D:2      | Reached ** piety under the Shining One
   764 | D:2      | Reached skill level 1 in Invocations
   764 | D:2      | Reached XP level 3. HP: 17/29 MP: 3/3
   857 | D:2      | Reached skill level 1 in Armour
  1030 | D:2      | Reached XP level 4. HP: 9/35 MP: 4/4
  1874 | D:3      | Noticed Ijyb
  1883 | D:3      | Reached skill level 4 in Long Blades
  1891 | D:3      | Blown up by Ijyb

Illustrated notes

Levels and vault maps discovered:
D:1:      evilmike_arrival_come_back, layout_loops_ring
D:2:      layout_loops_ring, basic_altar
D:3:      kennysheep_the_goblin_king, layout_rooms, lemuel_crystal_altar,
          lemuel_tele_altar, mainiacjoe_overflow_24_doors, uniq_jessica

Skill      XL: |  1  2  3  4 |
---------------+-------------+-----
Invocations    | 1 |  1.6
Armour         | 1 |  1.5
Long Blades    | 4 |  4.0
Fighting       | |  3.5
Dodging        | |  3.0

Action                     |  1- 3 |  4- 6 || total
---------------------------+-------+-------++-------
  Melee: Long sword        |    45 |    41 ||    86
         Falchion          |     6 |       ||     6
  Throw: Boomerang         |       |     5 ||     5
 Armour: Robe              |     3 |       ||     3
         Scale mail        |     9 |    16 ||    25
         Chain mail        |       |     3 ||     3
  Dodge: Dodged            |    40 |    14 ||    54
